 Dungeon Crawl Stone Soup version 0.31.0-32-g396128a36d (webtiles) character file.

Game seed: 5534256540408230701

148 PaiMei the Grave Robber (level 5, 0/38 HPs)
             Began as a Demonspawn Necromancer on Apr 23, 2024.
             Succumbed to a scorpion's poison
             ... on level 3 of the Dungeon.
             The game lasted 00:02:55 (2356 turns).

PaiMei the Grave Robber (Demonspawn Necromancer)    Turns: 2356, Time: 00:02:56

Health: 0/38       AC:  3    Str: 14    XL:     5   Next: 8%
Magic:  0/9        EV: 27    Int: 18    God:
Gold:   88         SH:  0    Dex: 13    Spells: 6/10 levels left

rFire   . . .        c - +0 dagger
rCold   . . .        (no shield)
rNeg    . . .        a - +0 robe
rPois   .            (no helmet)
rElec   .            (no cloak)
rCorr   .            l - +0 pair of gloves
SInv    .            (no boots)
Will    +....        k - amulet of the acrobat
Stlth   ++           i - +6 ring of strength
HPRegen 0.26/turn    (no ring)
MPRegen 0.11/turn

%: acrobat
@: lethally poisoned (0 -> -2), acrobatic, enlightened, flying
A: spiny 1
a: no special abilities


You were on level 3 of the Dungeon.
You visited 1 branch of the dungeon, and saw 3 of its levels.

You collected 88 gold pieces.

Inventory:

Hand Weapons
 c - a +0 dagger (weapon)
Armour
 a - a +0 robe (worn)
 l - a +0 pair of gloves (worn)
Jewellery
 d - a ring of fire
 i - a +6 ring of strength (left hand)
 k - an amulet of the acrobat (around neck)
Scrolls
 e - 2 scrolls of fear {unknown}
 f - 2 scrolls of identify {unknown}
 h - a scroll of enchant armour {unknown}
 j - a scroll of teleportation {unknown}
Potions
 b - a potion of magic


   Skills:
 + Level 1.9 Fighting
 + Level 2.8 Dodging
 - Level 2.0 Stealth
 + Level 3.0 Spellcasting
 + Level 5.1 Necromancy


You had 6 spell levels left.
You knew the following spells:

 Your Spells              Type           Power      Damage    Failure   Level
a - Necrotise             Necr           84%        1d8       1%          1
b - Vampiric Draining     Necr           21%        2d7       6%          3

Your spell library contained the following spells:

 Spells                   Type           Power      Damage    Failure   Level
 Animate Dead             Necr           21%        N/A       19%         4
 Ensorcelled Hibernation  Hex/Ice        4%         N/A       24%         2
 Passwall                 Erth           2%         N/A       43%         3
 Swiftness                Air            2%         N/A       43%         3
 Curse of Agony           Necr           21%        N/A       47%         5


Dungeon Overview and Level Annotations

Branches:
Dungeon (3/15)

Altars:

Shops:
D:2 [

Annotations:
D:3 1 transporter


Innate Abilities, Weirdness & Mutations

You are partially covered in sharp spines.


Message History

The scorpion is almost dead.
You feel very sick. The scorpion barely misses you.
Casting: Necrotise (safe; 2% risk of failure)
Confirm with . or Enter, or press ? or * to list all spells.
You don't have enough magic to cast this spell.
You hit the scorpion.
The scorpion is almost dead.
You feel sick. The scorpion stings you.
* * * LOW HITPOINT WARNING * * *
Casting: Necrotise (safe; 2% risk of failure)
Confirm with . or Enter, or press ? or * to list all spells.
Aiming: Necrotise (safe; 2% risk of failure)
Press: ? - help, Shift-Dir - straight line, f/p - scorpion
Aim: a scorpion (almost dead, chance to affect: 78%)
The scorpion writhes in agony.
You kill the scorpion!
* * * LOW HITPOINT WARNING * * *
You feel sick.
Your Spellcasting skill increases to level 3!
Your Necromancy skill increases to level 5!
You have reached level 5!
It was a potion of enlightenment.
You feel very buoyant.
You fly up into the air.
* * * LOW HITPOINT WARNING * * *
You feel sick.
There is a lethal amount of poison in your body!
There is a lethal amount of poison in your body!
Unknown command.
Unknown command.
Unknown command.
Unknown command.
* * * LOW HITPOINT WARNING * * *
You feel sick.
* * * LOW HITPOINT WARNING * * *
You feel sick.
* * * LOW HITPOINT WARNING * * *
You feel sick.
You die...

.######.########
#. ###..##
...............#
#. .<....#
...####.######.#
#.######......#
.#.####.# #.#
#..##..'$.....#
...#....# #.#
#.#..##......#
..##.####.# #.#
#)..## ..g...#
..........# #.#
#..## ......#
####.######
#)####..#
......#
............
#..@..>.#
#######
.........###
#########
..©.......#
#######...#
.!$$.8##..#
......©#..#
#o.r##.#..#


There were no monsters in sight!

Vanquished Creatures
  A scorpion (D:3)
  3 adders (D:2)
  A dart slug (D:2)
  A ribbon worm (D:2)
  An orc (D:3)
  6 endoplasms
  4 giant cockroaches
  6 goblins
  5 hobgoblins
  4 jackals (D:2)
  A quokka (D:1)
  2 ball pythons (D:1)
  8 bats
  5 frilled lizards (D:1)
  3 kobolds
  3 rats
54 creatures vanquished.

Vanquished Creatures (collateral kills)
  A jackal (D:2)
1 creature vanquished.

Grand Total: 55 creatures vanquished

Notes
Turn   | Place    | Note
-------+----------+-------------------------------------------
     0 | D:1      | PaiMei the Demonspawn Necromancer began the quest for the
                  | Orb.
     0 | D:1      | Reached XP level 1. HP: 13/13 MP: 3/3
   341 | D:1      | Gained mutation: You are partially covered in sharp spines.
                  | [demonic ancestry]
   341 | D:1      | Reached XP level 2. HP: 17/19 MP: 0/5
  1044 | D:1      | Reached XP level 3. HP: 25/25 MP: 1/6
  1048 | D:1      | Learned a level 3 spell: Vampiric Draining
  1486 | D:2      | Reached skill level 1 in Fighting
  1653 | D:2      | Reached XP level 4. HP: 31/32 MP: 2/7
  1771 | D:2      | Found Dafuush's Armour Boutique.
  2265 | D:3      | Found a transporter.
  2331 | D:3      | Noticed a scorpion
  2351 | D:3      | Killed a scorpion
  2352 | D:3      | Reached skill level 5 in Necromancy
  2352 | D:3      | Reached XP level 5. HP: 5/38 MP: 0/9
  2355 | D:3      | HP: 1/38 [poisoned by a scorpion]
  2356 | D:3      | Succumbed to a scorpion's poison

Illustrated notes

Levels and vault maps discovered:
D:1:      giann_wishing_wells, layout_basic, minivault_25, chequers_big_river
D:2:      layout_rooms, serial_shops, nicolae_shop_crystal, grunt_ministairs_15
D:3:      layout_basic, gammafunk_ghost_arena, shapermc_ecumenical_altar_petra

Skill      XL: |  1  2  3  4 |
---------------+-------------+-----
Dodging        | 2 |  2.8
Stealth        | 2 |  2.0
Fighting       | 1 |  1.9
Spellcasting   | 3 |  3.0
Necromancy     | 5 |  5.1

Action                     |  1- 3 |  4- 6 || total
---------------------------+-------+-------++-------
  Melee: Dagger            |     2 |     5 ||     7
   Cast: Necrotise         |    67 |    31 ||    98
         Vampiric Draining |       |     2 ||     2
    Use: Potion            |       |     1 ||     1
 Armour: Robe              |    10 |     7 ||    17
  Dodge: Dodged            |     9 |     8 ||    17
